 Dungeon Crawl Stone Soup version 0.30-a0-347-gf58ed5266c (webtiles) character file.

Game seed: 1708965384944732935

15062 byup the Grappler (level 11, -14/96 HPs)
             Began as a Troll Monk on Nov 6, 2022.
             Was a High Priest of Hepliaklqana.
             Demolished by an ice devil (21 damage)
             ... summoned by an orc high priest
             ... on level 2 of the Orcish Mines.
             The game lasted 01:11:32 (9501 turns).

byup the Grappler (Troll Monk)                      Turns: 9501, Time: 01:11:35

Health: -14/96     AC: 10    Str: 21    XL:     11   Next: 96%
Magic:  10/10      EV: 10    Int:  8    God:    Hepliaklqana [*****.]
Gold:   1177       SH:  0    Dex: 22    Spells: 10/10 levels left

rFire   . . .      SeeInvis .      - Unarmed
rCold   . . .      Faith    .    (no shield)
rNeg    . . .      Spirit   .    v - +0 storm dragon scales of Gallantry {rElec rCorr Int+2}
rPois   .          Reflect  .    (helmet restricted)
rElec   +          Harm     .    f - scarf {repulsion}
rCorr   +          Rampage  .    (gloves unavailable)
Will    .....                    (boots unavailable)
Stlth   ..........               m - amulet of regeneration
HPRegen 1.96/turn                L - ring of resist corrosion
MPRegen 0.12/turn                I - +6 ring of dexterity

@: about to teleport, corroded, repel missiles
A: reduced essence, large, unfitting armour, claws 3, regeneration 1, shaggy fur
1, tough skin 1
a: Renounce Religion, Recall Ancestor, Ancestor Identity, Transference, Idealise


You were on level 2 of the Orcish Mines.
You worshipped Hepliaklqana.
Hepliaklqana was extremely pleased with you.
You visited 3 branches of the dungeon, and saw 13 of its levels.
You also visited: Bailey.

You collected 1177 gold pieces.

Inventory:

Armour
 f - a scarf of repulsion (worn)
 v - the +0 storm dragon scales of Gallantry (worn) {rElec rCorr Int+2}
   (You found it in a bailey)

   Int:       It affects your intelligence (+2).
   rElec:     It insulates you from electricity.
   rCorr:     It protects you from acid and corrosion.
 x - a +0 robe of willpower
 z - a +2 robe of positive energy
Magical Staves
 o - a staff of earth
Jewellery
 m - an amulet of regeneration (around neck)
 I - a +6 ring of dexterity (right claw)
 K - an amulet of reflection
 L - a ring of resist corrosion (left claw)
Wands
 w - a wand of flame (5)
 y - a wand of charming (8)
 E - a wand of digging (4)
 M - a wand of light (8)
 N - a wand of polymorph (5)
Scrolls
 e - a scroll of acquirement {unknown}
 i - 3 scrolls of teleportation
 p - 3 scrolls of magic mapping
 s - a scroll of poison
 t - a scroll of summoning
 B - a scroll of torment {unknown}
 C - a scroll of enchant armour {unknown}
 D - 2 scrolls of enchant weapon {unknown}
Potions
 b - a potion of ambrosia
 d - a potion of invisibility {unknown}
 g - 4 potions of mutation
 h - 2 potions of might
 k - 2 potions of resistance {unknown}
 l - 4 potions of attraction
 n - 3 potions of brilliance
 q - a potion of cancellation {unknown}
 u - 3 potions of flight
 G - a potion of berserk rage {unknown}
 H - 2 potions of lignification {unknown}


   Skills:
 * Level 6.6 Fighting
 + Level 5.4 Armour
 + Level 8.0 Dodging
 - Level 2.5 Stealth
 + Level 14.1 Unarmed Combat


You had 10 spell levels left.
You didn't know any spells.
Your spell library contained the following spells:

 Spells                   Type           Power      Damage    Failure   Level
 Freeze                   Ice            0%         1d3       98%         1
 Magic Dart               Conj           0%         1d3       98%         1
 Call Imp                 Summ           0%         N/A       99%         2
 Ensorcelled Hibernation  Hex/Ice        0%         N/A       99%         2
 Searing Ray              Conj           0%         2d4       99%         2
 Frozen Ramparts          Ice            0%         1d1       100%        3
 Hailstorm                Conj/Ice       0%         3d3       100%        3
 Ignite Poison            Fire/Tmut/Pois 0%         N/A       100%        3
 Kindle Blastsparks       Fire/Tloc/Air  0%         2d10      100%        3
 Mephitic Cloud           Conj/Pois/Air  0%         N/A       100%        3
 Spider Form              Tmut/Pois      0%         N/A       100%        3
 Anguish                  Hex/Necr       0%         N/A       100%        4
 Fulminant Prism          Conj/Hex       0%         3d5       100%        4
 Summon Lightning Spire   Summ/Air       0%         N/A       100%        4
 Fireball                 Conj/Fire      0%         3d3       100%        5
 Freezing Cloud           Conj/Ice/Air   0%         6-21      100%        5
 Iskenderun's Battlesphe  Conj           0%         2d6       100%        5
 Conjure Ball Lightning   Conj/Air       0%         3x3d7     100%        6
 Orb of Destruction       Conj           0%         9d5       100%        7
 Storm Form               Tmut/Air       0%         N/A       100%        7
 Maxwell's Capacitive Co  Air            0%         ∞         100%        8


Dungeon Overview and Level Annotations

Branches:
Dungeon (10/15)            Temple (1/1) D:4            Lair (0/5) D:10
    Orc (2/2) D:10         Bailey (visited)
    Elf: Orc:2

Altars:
Ashenzari
Cheibriados
Dithmenos
Elyvilon
Fedhas
Gozag
Hepliaklqana
Kikubaaqudgha
Makhleb
Nemelex Xobeh
Okawaru
Qazlal
Ru
Sif Muna
Trog
Uskayaw
Vehumet
Wu Jian
Xom
Yredelemnul
Zin
The Shining One

Shops:
Orc:2 (


Innate Abilities, Weirdness & Mutations

Your life essence is reduced to manifest your ancestor. (-10% HP)
You are too large for most types of armour.
You have claws for hands.
Your natural rate of healing is unusually fast.
You are covered in fur. (AC +1)
You have tough skin. (AC +1)


Message History

Imgur-Sin hits the hellwing with a +0 dagger of draining.
The hellwing hits you but does no damage.
The hellwing closely misses you.
The ice devil hits you but does no damage.
The rust devil hits you!
Imgur-Sin hits the hellwing but does no damage.
Imgur-Sin hits the hellwing with a +0 dagger of draining.
The hellwing swoops through the air toward you!
The hellwing hits you but does no damage. x2
The ice devil hits you. The ice devil freezes you!!
* * * LOW HITPOINT WARNING * * *
The rust devil hits you. The rust devil corrodes you!
Items here: ))) [[[ †.
As you read the scroll of teleportation, it crumbles to dust.
You feel strangely unstable. The orc high priest closely misses you.
The orc high priest hits Imgur-Sin with a +0 battleaxe!
The ice devil hits you but does no damage.
The hellwing barely misses you.
The hellwing hits you but does no damage.
The rust devil hits you.
* * * LOW HITPOINT WARNING * * *
The rust devil corrodes you!
Imgur-Sin casts a spell at the hellwing.
The hellwing resists with almost no effort.
You scratch the ice devil but do no damage.
The orc high priest hits you with a +0 battleaxe.
* * * LOW HITPOINT WARNING * * *
The orc high priest hits Imgur-Sin with a +0 battleaxe.
The hellwing barely misses you. The hellwing hits you.
* * * LOW HITPOINT WARNING * * *
The ice devil hits you but does no damage.
The rust devil closely misses you.
You claw the ice devil!
The ice devil is moderately wounded.
The orc high priest hits you with a +0 battleaxe!
* * * LOW HITPOINT WARNING * * *
The ice devil hits you.
* * * LOW HITPOINT WARNING * * *
The ice devil freezes you!!
You die...

### #.........∩.∩...
##.####.....##.......
##...#$)........∩.∩.## #.
###.#.....).........### ...
##...................# .... ##
#.......#...).....#.##
#...##.###<#.............#....
..........##...)o4....#........
#........#....@4)).....#......
#.........).R4.............#
##.....................
#...................## #
##.#............#..##
.$..##..).............#
........................
...........)))............
..........................


You could see the friendly Imgur-Sin the hexer, an orc high priest, a hellwing
(summoned, ally target), an ice devil (summoned) and a rust devil (summoned).

Vanquished Creatures
  The ghost of bakla the Severer, a journeyman HOCA of Ignis (D:7)
  A two-headed ogre (D:8)
  A boulder beetle (D:8)
  A centaur warrior (D:8)
  Amaemon (D:9)
  An orc knight (Bailey)
  A cyclops (D:8)
  An orange demon (D:9)
  2 trolls
  A hornet (D:8)
  Grinder (D:4)
  The ghost of Hubris850 the Insei, an amateur OpTm (D:3)
  A shadow (D:7)
  A wyvern (D:9)
  A basilisk (D:7)
  7 yaks
  Eustachio (D:5)
  2 water moccasins
  An acid dragon (D:9)
  17 orc warriors
  2 black bears (D:5)
  An ice beast (D:6)
  A sky beast (D:7)
  4 ogres
  4 centaurs
  5 kobold brigands
  3 bullfrogs
  3 scorpions
  A necrophage (D:5)
  2 gnoll sergeants (D:10)
  7 wights
  4 killer bees
  2 hounds
  5 orc priests
  4 jellies
  Crazy Yiuf (D:4)
  2 iguanas
  8 orc wizards
  6 adders
  14 gnolls
  A white imp (D:8)
  A worm (D:2)
  2 dart slugs
  45 orcs
  5 ball pythons
  9 endoplasms
  6 giant cockroaches
  5 goblins
  7 hobgoblins
  10 jackals (D:3)
  17 kobolds
  4 quokkas
  4 bats
  2 frilled lizards (D:1)
  4 rats
  A fungus (D:6)
  2 toadstools (D:6)
248 creatures vanquished.

Vanquished Creatures (collateral kills)
  Nergalle (Orc:1)
  2 orc knights
  A black bear (D:7)
  3 orc warriors
  3 ogres (D:6)
  3 centaurs
  A kobold brigand (D:6)
  A phantom (D:6)
  Blork the orc (D:5)
  A gnoll sergeant (D:8)
  A necrophage (D:5)
  A scorpion (D:6)
  7 wights
  4 killer bees
  2 jellies
  2 orc priests
  An orc wizard (D:6)
  A gnoll (D:10)
  22 orcs
  A hobgoblin (D:7)
  6 kobolds
  A toadstool (D:6)
66 creatures vanquished.

Vanquished Creatures (others)
  6 hexers
  27 fungi
  17 plants
  5 toadstools (D:2)
55 creatures vanquished.

Grand Total: 369 creatures vanquished

Notes
Turn   | Place    | Note
-------+----------+-------------------------------------------
     0 | D:1      | byup the Troll Monk began the quest for the Orb.
     0 | D:1      | Reached XP level 1. HP: 22/22 MP: 0/0
   465 | D:1      | Reached XP level 2. HP: 29/29 MP: 1/1
   785 | D:2      | Reached XP level 3. HP: 36/36 MP: 2/2
  1006 | D:2      | Reached skill level 4 in Unarmed Combat
  1006 | D:2      | Reached XP level 4. HP: 35/44 MP: 3/3
  1068 | D:2      | Reached XP level 5. HP: 30/52 MP: 4/4
  1854 | D:3      | Noticed Hubris850's ghost (amateur OpTm)
  1857 | D:3      | Found a runed translucent door.
  1871 | D:3      | Reached skill level 5 in Unarmed Combat
  1906 | D:3      | Killed Hubris850's ghost
  1907 | D:3      | Reached XP level 6. HP: 37/61 MP: 5/5
  2366 | D:4      | Reached skill level 6 in Unarmed Combat
  2470 | D:4      | Found a runed translucent door.
  2471 | D:4      | Noticed Crazy Yiuf
  2505 | D:4      | Reached XP level 7. HP: 66/67 MP: 6/6
  2710 | D:4      | Noticed Grinder
  2737 | D:4      | Paralysed by Grinder for 3 turns
  2770 | D:4      | Killed Grinder
  2939 | D:4      | Found a basalt altar of Yredelemnul.
  3050 | D:4      | Reached skill level 7 in Unarmed Combat
  3067 | D:4      | Found a staircase to the Ecumenical Temple.
  3076 | Temple   | Entered the Ecumenical Temple
  3143 | Temple   | Became a worshipper of Hepliaklqana the Forgotten
  3143 | Temple   | Reached * piety under Hepliaklqana
  3143 | Temple   | Reached ** piety under Hepliaklqana
  3144 | Temple   | Remembered your ancestor Imgur-Sin as a hexer
  3337 | D:4      | Killed Crazy Yiuf
  3395 | D:5      | Entered Level 5 of the Dungeon
  3396 | D:5      | Identified the +2 falchion of the Spider Nest {freeze, rF+}
  3537 | D:5      | Reached skill level 5 in Dodging
  3547 | D:5      | Noticed Eustachio
  3559 | D:5      | Reached XP level 8. HP: 67/67 MP: 7/7
  3588 | D:5      | Killed Eustachio
  3630 | D:5      | Reached skill level 8 in Unarmed Combat
  3739 | D:5      | Noticed Blork the orc
  3744 | D:5      | Found a sparkling altar of Nemelex Xobeh.
  3748 | D:5      | Killed Blork the orc
  4126 | D:5      | Found a glowing golden altar of the Shining One.
  4284 | D:5      | Found a burning altar of Makhleb.
  4538 | D:6      | Reached skill level 9 in Unarmed Combat
  4584 | D:6      | Reached XP level 9. HP: 31/73 MP: 8/8
  4907 | D:6      | Reached skill level 10 in Unarmed Combat
  5627 | D:7      | Found a transporter.
  5631 | D:7      | Found a transporter.
  5631 | D:7      | Noticed bakla's ghost (journeyman HOCA)
  5668 | D:7      | Reached *** piety under Hepliaklqana
  5866 | D:7      | Found a flagged portal.
  5886 | Bailey   | Entered a bailey
  5968 | Bailey   | Noticed an orc knight
  6107 | Bailey   | Killed an orc knight
  6108 | Bailey   | Reached skill level 11 in Unarmed Combat
  6108 | Bailey   | Reached XP level 10. HP: 38/84 MP: 9/9
  6155 | Bailey   | Identified the +0 storm dragon scales of Gallantry {rElec
                  | rCorr Int+2}
  6193 | Bailey   | Noticed an orc knight
  6200 | Bailey   | Killed an orc knight
  6425 | D:7      | Found a sacrificial altar of Ru.
  6425 | D:7      | Found a snail-covered altar of Cheibriados.
  6945 | D:7      | Killed bakla's ghost
  6946 | D:7      | Reached skill level 1 in Armour
  7120 | D:8      | Reached skill level 12 in Unarmed Combat
  7171 | D:8      | Reached skill level 5 in Fighting
  7254 | D:8      | Reached **** piety under Hepliaklqana
  7380 | D:8      | Noticed a boulder beetle
  7393 | D:8      | Killed a boulder beetle
  7456 | D:8      | Noticed a two-headed ogre
  7463 | D:8      | Killed a two-headed ogre
  7464 | D:8      | Reached XP level 11. HP: 90/93 MP: 10/10
  7545 | D:8      | Noticed a centaur warrior
  7557 | D:8      | Killed a centaur warrior
  7632 | D:8      | Found an opulent altar of Gozag.
  7665 | D:8      | Paralysed by a hornet for 3 turns
  7886 | D:9      | Found a radiant altar of Vehumet.
  7910 | D:9      | Reached skill level 13 in Unarmed Combat
  8090 | D:9      | Found a shadowy altar of Dithmenos.
  8496 | D:9      | Noticed Amaemon
  8512 | D:9      | Killed Amaemon
  8695 | D:10     | Entered Level 10 of the Dungeon
  8712 | D:10     | Identified the +7 trident "Beastslayer" {antimagic, rElec
                  | rC- rN++ SInv}
  8799 | D:10     | Found a staircase to the Lair.
  8892 | D:10     | Found an iron altar of Okawaru.
  8922 | D:10     | Found the +3 hat of Pondering {ponderous, Will+ MP+10
                  | Int+5}
  8989 | D:10     | Reached ***** piety under Hepliaklqana
  9037 | D:10     | Found a staircase to the Orcish Mines.
  9093 | D:10     | Reached skill level 5 in Armour
  9156 | Orc:1    | Entered Level 1 of the Orcish Mines
  9180 | Orc:1    | Noticed Nergalle
  9200 | Orc:1    | Killed Nergalle
  9400 | Orc:2    | Entered Level 2 of the Orcish Mines
  9400 | Orc:2    | Found Iroxog's Antique Weapon Boutique.
  9427 | Orc:2    | Noticed an orc knight
  9437 | Orc:2    | Reached skill level 14 in Unarmed Combat
  9451 | Orc:2    | Killed an orc knight
  9483 | Orc:2    | Noticed an orc high priest
  9501 | Orc:2    | Demolished by an ice devil

Illustrated notes

Levels and vault maps discovered:
D:1:      minmay_arrival_plants_in_alcoves, layout_basic
D:2:      cheibrodos_fertilizer, layout_loops_ring
D:3:      layout_loops_cross, hellmonk_ghost_happy_afterlife
D:4:      layout_cave_pools, mainiacjoe_overflow_24_doors,
          lemuel_temple_firewalk_b, uniq_crazy_yiuf_cottage, uniq_grinder
D:5:      layout_loops_ring, nicolae_tso_swordbearing_angel,
          nicolae_overflow_hidden_temple, nemelex_xobeh_ov_fountains_minmay,
          uniq_blork_the_orc, uniq_eustachio
D:6:      layout_cave_pools, minmay_gold_behind_fungi, glass_columns_b
D:7:      layout_basic, gammafunk_temple_overflow_pools, enter_bailey_4,
          gammafunk_ghost_arena
D:8:      layout_cave_pools, kennysheep_little_box, minmay_shattered_shrine
D:9:      layout_roguey, kennysheep_mini_moat,
          mainiacjoe_overflow_six_doors_small, uniq_amaemon
D:10:     layout_rooms, mainiacjoe_overflow_surrounded_room, lair_entry_dummy,
          kennysheep_orc_monster_closet_entryway
Temple:   nicolae_temple_no_exploring_needed
Orc:1:    layout_caves, basic_altar, serial_shops,
          nicolae_shop_temple_entry_statues_fountains, uniq_nergalle
Orc:2:    grunt_orc_gardens, layout_caves, grunt_orc_garden, grunt_orc_garden,
          grunt_orc_garden, grunt_orc_garden, serial_shops,
          nicolae_shop_competitors_out_of_business

Skill      XL: |  1  2  3  4  5  6  7  8  9 10 11 |
---------------+----------------------------------+-----
Dodging        | 3 4 5 7 8 |  8.0
Unarmed Combat | 4 5 6 7 9 11 12 14 | 14.1
Fighting       | 3 4 5 6 |  6.6
Stealth        | 2 |  2.5
Armour         | 3 5 |  5.4

Action                   |  1- 3 |  4- 6 |  7- 9 | 10-12 || total
-------------------------+-------+-------+-------+-------++-------
Melee: Unarmed           |   115 |   146 |   273 |   364 ||   898
       Punch             |     4 |     4 |    14 |    31 ||    53
Invok: Ancestor Life: He |       |       |     1 |       ||     1
       Ancestor Identity |       |       |       |     2 ||     2
       Recall Ancestor   |       |       |       |     1 ||     1
  Use: Scroll            |       |     5 |     6 |     7 ||    18
       Potion            |       |       |       |     6 ||     6
 Stab: Sleeping          |       |     1 |     4 |       ||     5
       Distracted        |       |       |     2 |     1 ||     3
       Confused          |       |       |     1 |    10 ||    11
Armor: Robe              |    26 |    28 |    40 |       ||    94
       Storm dragon scal |       |       |       |   188 ||   188
Dodge: Dodged            |    33 |    64 |   130 |   171 ||   398
       Repelled          |     1 |       |       |     1 ||     2

Table legend: (Time is in decaauts)
 A = Elapsed time spent in this place.
 B = Non-inter-level travel time spent in this place.
 C = Inter-level travel time spent in this place.
 D = Time resting spent in this place.
 E = Time spent auto-exploring this place.
 F = Levels seen in this place.
 G = Mean time per level.
                   A        B        C        D        E       F      G
               +--------+--------+--------+--------+--------+-----+--------+
         Total |   9332 |   9012 |    320 |      0 |   3320 |  14 |  666.6 |
       Dungeon |   8558 |   8238 |    320 |      0 |   3231 |  10 |  855.8 |
        Temple |     79 |     79 |      0 |      0 |      0 |   1 |   79.0 |
  Orcish Mines |    336 |    336 |      0 |      0 |     54 |   2 |  168.0 |
        Bailey |    357 |    357 |      0 |      0 |     35 |   1 |  357.0 |
               +--------+--------+--------+--------+--------+-----+--------+

Top non-repeatable levels by time:
     D:6: 1153 daAuts
     D:7: 1134 daAuts
     D:4: 962 daAuts
     D:5: 952 daAuts
     D:2: 869 daAuts
     D:9: 820 daAuts
     D:8: 794 daAuts
     D:3: 758 daAuts
     D:1: 697 daAuts
    D:10: 416 daAuts
  Bailey: 357 daAuts
   Orc:1: 240 daAuts
   Orc:2: 95 daAuts
  Temple: 79 daAuts
